Map: Terraform LE (Void)

Players

ImotoFantasy - Winner!

  • Race: Protoss Protoss
  • League: Platinum

Deucalion

  • Race: Zerg Zerg
  • League: Platinum

VOD

Have the link to the VOD?

Description

Time

  • Played on: Oct. 27, 2015, 10:56 p.m.
  • Length: 17:34
Show
View Real Time Build Order
Export as new Build Order

ImotoFantasy Protoss - Winner!

Build Orders: Nexus First, Phoenix Opening 

Get SALT Encoding   

  12  0:01  Probe (Chrono Boost)  
  13  0:11  Probe (Chrono Boost)  
  14  0:20  Pylon  
  14  0:23  Probe (Chrono Boost)  
  15  0:39  Probe (Chrono Boost)  
  16  0:49  Probe (Chrono Boost)  
  17  1:01  Nexus  
  17  1:04  Probe (Chrono Boost)  
  18  1:15  Probe (Chrono Boost)  
  20  1:25  Probe (Chrono Boost)  
  20  1:26  Gateway  
  20  1:36  Probe (Chrono Boost), Assimilator  
  21  1:51  Pylon  
  21  1:53  Probe (Chrono Boost)  
  22  2:02  Assimilator  
  22  2:03  Probe (Chrono Boost)  
  23  2:13  Probe (Chrono Boost)  
  24  2:16  Probe (Chrono Boost)  
  25  2:23  Cybernetics Core  
  25  2:24  Probe (Chrono Boost)  
  25  2:25  Zealot  
  25  2:27  Probe (Chrono Boost)  
  29  2:35  Probe (Chrono Boost)  
  30  2:37  Probe (Chrono Boost)  
  30  2:43  Pylon  
  31  2:45  Probe (Chrono Boost)  
  31  2:48  Probe (Chrono Boost)  
  33  2:56  Probe (Chrono Boost)  
  34  2:58  Probe (Chrono Boost)  
  35  3:06  Stargate  
  35  3:07  Mothership Core (Chrono Boost)  
  35  3:09  Probe (Chrono Boost)  
  38  3:15  Assimilator  
  38  3:16  Assimilator  
  38  3:19  Probe (Chrono Boost)  
  39  3:25  Probe (Chrono Boost)  
  40  3:30  Probe (Chrono Boost)  
  41  3:36  Probe (Chrono Boost)  
  41  3:37  Warp Gate  
  41  3:41  Probe (Chrono Boost)  
  43  3:45  Probe (Chrono Boost)  
  43  3:49  Phoenix (Chrono Boost)  
  43  3:51  Probe  
  43  3:53  Pylon  
  43  3:55  Probe  
  46  3:58  Sentry  
  49  4:04  Probe, Pylon  
  49  4:08  Probe  
  50  4:10  Forge  
  50  4:12  Phoenix (Chrono Boost)  
  50  4:15  Pylon  
  50  4:16  Probe  
  54  4:19  Probe  
  55  4:26  Zealot  
  55  4:28  Probe  
  55  4:29  Probe  
  59  4:33  Phoenix (Chrono Boost)  
  61  4:40  Probe  
  61  4:41  Probe  
  63  4:46  Photon Cannon  
  63  4:48  Pylon  
  63  4:49  Photon Cannon  
  63  4:50  Pylon  
  63  4:53  Sentry  
  63  4:55  Phoenix (Chrono Boost)  
  67  5:07  Photon Cannon x2  
  62  5:31  Zealot  
  62  5:44  Pylon  
  62  5:54  Photon Cannon  
  62  6:03  Probe  
  60  6:04  Probe  
  60  6:07  Photon Cannon  
  62  6:25  Pylon  
  62  6:31  Pylon  
  62  6:32  Zealot  
  62  6:38  Pylon  
  64  6:43  Probe  
  64  6:45  Probe  
  66  6:48  Protoss Ground Weapons Level 1 (Chrono Boost)  
  66  6:56  Photon Cannon  
  66  6:58  Void Ray (Chrono Boost)  
  70  7:07  Pylon  
  70  7:09  Photon Cannon  
  70  7:12  Pylon  
  70  7:16  Pylon  
  70  7:21  Twilight Council  
  70  7:26  Gateway  
  70  7:27  Gateway  
  70  7:29  Gateway  
  70  7:34  Gateway  
  70  7:36  Gateway  
  70  7:39  Gateway  
  70  7:43  Probe  
  70  7:44  Probe  
  70  7:48  Void Ray (Chrono Boost)  
  76  7:57  Probe  
  76  7:58  Probe  
  78  8:00  Charge  
  78  8:07  Probe  
  78  8:10  Probe  
  78  8:11  Nexus  
  80  8:13  Pylon  
  80  8:15  Pylon, Zealot  
  82  8:20  Probe  
  82  8:22  Probe  
  82  8:47  Fleet Beacon  
  82  8:53  Probe x2  
  84  8:56  Protoss Ground Weapons Level 2 (Chrono Boost), Photon Cannon  
  84  8:57  Photon Cannon  
  84  8:59  Photon Cannon  
  84  9:04  Assimilator  
  84  9:05  Probe x2  
  84  9:06  Assimilator  
  86  9:13  Stargate  
  86  9:17  Probe x2  
  86  9:18  Pylon, Stargate  
  86  9:19  Carrier  
  86  9:22  Pylon  
  88  9:24  Zealot  
  96  9:35  Graviton Catapult, Zealot  
  96  9:36  Zealot x5  
  108  9:40  Pylon  
  108  9:46  Photon Cannon x2  
  108  9:52  Photon Cannon  
  108  9:55  Protoss Air Weapons Level 1 (Chrono Boost)  
  108  9:59  Carrier  
  114  10:01  Carrier  
  120  10:16  Templar Archives  
  120  10:39  Carrier  
  116  10:52  Psionic Storm  
  116  10:54  High Templar x3  
  116  10:55  Protoss Ground Weapons Level 3, High Templar  
  130  10:58  Zealot x3  
  136  11:23  Nexus  
  136  11:24  Carrier  
  142  11:25  Pylon  
  142  11:26  Carrier  
  142  11:27  Pylon  
  142  11:32  Pylon  
  148  11:45  Zealot x2  
  152  11:53  Carrier  
  152  11:58  Photon Cannon  
  152  12:00  Photon Cannon  
  152  12:03  Photon Cannon  
  158  12:16  Robotics Facility  
  158  12:26  Assimilator  
  158  12:30  Assimilator  
  158  12:32  Photon Cannon  
  158  12:33  Probe  
  158  12:34  Probe, Photon Cannon  
  158  12:35  Probe x2  
  162  12:42  High Templar x4  
  170  12:50  Carrier  
  176  13:05  Carrier  
  176  13:11  Zealot x2  
  176  13:12  Zealot  
  188  13:19  Observer  
  183  13:40  Archon  
  157  13:47  Observer  
  154  13:48  Carrier  
  160  14:16  Nexus, Carrier, High Templar x4  
  174  14:17  Zealot x3  
  179  14:24  Pylon  
  179  14:25  Pylon  
  179  14:27  Pylon  
  179  14:30  Photon Cannon  
  179  14:31  Protoss Ground Armor Level 1  
  179  14:32  Probe x2  
  179  14:33  Photon Cannon  
  179  14:34  Archon  
  179  14:35  Archon  
  181  14:42  Probe  
  182  14:48  Protoss Air Weapons Level 2 (Chrono Boost)  
  182  14:57  Assimilator  
  182  15:08  Carrier  
  182  15:11  High Templar x2  
  186  15:21  Photon Cannon x2  
  192  15:23  Photon Cannon  
  192  15:46  Carrier  
  184  16:13  Archon  
Show
View Real Time Build Order
Export as new Build Order

Deucalion Zerg 

Build Orders: Hatch First, Zergling Baneling 

Get SALT Encoding   

  12  0:01  Drone  
  13  0:13  Overlord  
  13  0:17  Drone  
  14  0:31  Drone x2  
  16  0:36  Drone  
  17  0:46  Drone  
  18  1:00  Drone  
  18  1:02  Hatchery  
  18  1:08  Extractor  
  18  1:09  Drone  
  18  1:20  Spawning Pool  
  17  1:28  Drone  
  17  1:30  Drone  
  20  1:40  Drone  
  20  1:58  Overlord, Extractor  
  19  2:07  Zergling x2  
  19  2:08  Queen  
  22  2:10  Metabolic Boost  
  22  2:15  Overlord  
  22  2:18  Queen  
  24  2:27  Drone  
  24  2:28  Drone x2  
  27  2:38  Evolution Chamber  
  27  2:43  Pneumatized Carapace  
  26  2:46  Drone  
  26  2:49  Drone  
  28  2:54  Drone  
  29  3:06  Zerg Melee Weapons Level 1  
  29  3:08  Overlord  
  29  3:10  Drone  
  30  3:18  Drone  
  31  3:24  Drone  
  31  3:25  Zergling x4  
  34  3:31  Zergling x2  
  34  3:32  Zergling x2  
  36  3:38  Overlord  
  36  3:50  Zergling x2  
  36  3:51  Zergling x8  
  41  3:56  Baneling Nest  
  40  4:03  Overlord  
  40  4:07  Zergling x4  
  42  4:14  Zergling x8  
  46  4:44  Zergling x2  
  46  4:45  Zergling x6  
  50  4:46  Baneling x3  
  50  4:47  Baneling x5  
  50  4:50  Lair  
  45  5:27  Overlord  
  45  5:28  Overlord x3  
  41  5:33  Drone  
  41  5:34  Drone x2  
  43  5:36  Overlord x2  
  43  5:37  Spore Crawler  
  41  5:48  Spore Crawler  
  39  5:51  Drone x2  
  39  5:52  Drone  
  39  5:55  Baneling  
  39  5:56  Baneling x7  
  41  6:03  Zergling x4  
  42  6:09  Hydralisk Den  
  35  6:19  Zergling x2  
  35  6:20  Zergling x10  
  41  6:26  Drone  
  41  6:30  Zerg Missile Weapons Level 1  
  42  6:50  Drone  
  42  6:52  Drone x2  
  42  6:53  Muscular Augments  
  45  6:56  Hatchery  
  45  6:58  Extractor  
  43  7:04  Drone  
  43  7:05  Drone  
  43  7:07  Drone x4  
  48  7:19  Spore Crawler  
  48  7:21  Spore Crawler  
  46  7:23  Hydralisk x2  
  46  7:27  Hydralisk  
  46  7:29  Extractor  
  51  7:40  Queen  
  51  7:51  Hydralisk x4  
  59  7:59  Overlord  
  59  8:01  Hydralisk  
  61  8:08  Queen  
  61  8:11  Drone x3  
  66  8:24  Drone x2  
  66  8:25  Zerg Ground Armor Level 1  
  68  8:31  Roach Warren  
  66  8:36  Drone x5  
  71  8:54  Drone x2  
  70  9:00  Hydralisk x4  
  70  9:02  Spore Crawler, Drone x2  
  79  9:11  Glial Reconstitution  
  79  9:16  Drone  
  79  9:17  Overlord, Drone  
  80  9:18  Drone  
  80  9:19  Drone  
  80  9:20  Drone x2  
  85  9:33  Overlord  
  85  9:35  Lurker Den  
  85  9:39  Evolution Chamber  
  85  9:40  Drone  
  85  9:41  Drone  
  85  9:44  Extractor  
  85  9:46  Overseer, Extractor  
  85  9:49  Spore Crawler, Drone  
  85  9:50  Drone x3  
  85  9:51  Drone x4  
  91  10:15  Hydralisk x7, Infestation Pit  
  91  10:18  Overlord x2  
  104  10:23  Zerg Missile Weapons Level 2  
  104  10:32  Overlord  
  104  10:33  Overlord  
  102  10:50  Hydralisk x6  
  102  10:51  Hydralisk x3  
  120  10:58  Hive  
  120  11:12  Overseer x4  
  120  11:13  Overseer x2  
  120  11:15  Hatchery  
  119  11:20  Lurker  
  121  11:25  Lurker  
  121  11:26  Spine Crawler  
  121  11:27  Spine Crawler  
  119  11:36  Roach  
  119  11:37  Roach x3  
  127  11:55  Zerg Ground Armor Level 2  
  127  11:56  Evolution Chamber  
  127  11:57  Evolution Chamber  
  127  11:58  Evolution Chamber x2, Hatchery  
  122  12:17  Viper x2  
  122  12:20  Extractor  
  122  12:21  Drone x2  
  122  12:22  Overlord x4  
  129  12:30  Drone x6  
  135  12:44  Drone x8  
  136  12:49  Extractor  
  142  13:00  Hydralisk x4  
  141  13:40  Hydralisk  
  141  13:41  Hydralisk x8  
  122  13:45  Overlord  
  122  13:46  Overlord x3  
  114  13:54  Hydralisk x3  
  118  13:57  Overlord x3  
  118  13:59  Overseer x3  
  118  14:00  Overseer  
  118  14:05  Drone x2  
  120  14:14  Viper x3  
  129  14:17  Viper  
  129  14:35  Extractor  
  129  14:36  Drone x5  
  129  14:37  Drone x6  
  129  14:38  Hydralisk, Extractor  
  139  14:39  Hydralisk x3  
  146  14:50  Hydralisk x4  
  154  14:56  Zerg Missile Weapons Level 3  
  154  15:11  Evolution Chamber x2  
  152  15:17  Hydralisk  
  157  15:32  Spore Crawler  
  155  15:45  Hydralisk x8  
  155  15:49  Hatchery  
  135  16:09  Hydralisk  
  135  16:10  Hydralisk x5  
  108  16:29  Hydralisk  
  108  16:30  Hydralisk x2  
Tags
 
Add a new tag
Caveats
  • Supply blocks, unpowered buildings, or Contaminate may cause inaccurate times.
  • Supply counts are checked every 10 seconds.